 Dungeon Crawl Stone Soup version 0.17.0-24-gcfadda4 (console) character file.

25 Kramin the Scratcher (level 2, 0/12 HPs)
             Began as a Felid Transmuter on Nov 18, 2015.
             Slain by a jackal (2 damage)
             ... on level 2 of the Dungeon.
             The game lasted 00:02:12 (852 turns).

Kramin the Scratcher (Felid Transmuter)              Turns: 852, Time: 00:02:12

Health: 0/12       AC:  1    Str:  6    XL:     2   Next: 86%
Magic:  4/6        EV: 18    Int: 14    God:
Gold:   29         SH:  0    Dex: 16    Spells: 1 memorised, 4 levels left
                                        Lives:  0   Deaths: 0

rFire  . . .     SeeInvis +       - Unarmed
rCold  . . .     Clarity  .     (armour unavailable)
rNeg   . . .     SustAt   .     (shield unavailable)
rPois  .         Gourm    .     (helmet unavailable)
rElec  .         Spirit   .     (cloak unavailable)
rCorr  .         Warding  .     (gloves unavailable)
rMut   .         Stasis   .     (boots unavailable)
MR     +....                    (no amulet)
Stlth  ++........               (no ring)
                                h - ring of protection from magic

@: appendage (expiring), very slightly contaminated, quick, somewhat resistant
to hostile enchantments, unstealthy
A: no armour, no weapons or thrown items, claws 1, fangs 3, horns 2, see
invisible, carnivore 3, speed 1, shaggy fur 1, slow metabolism 1, sharp paws
a: End Transformation


You were on level 2 of the Dungeon.
You were very full.
You had grown temporary horns.
You visited 1 branch of the dungeon, and saw 2 of its levels.

You collected 29 gold pieces.

Inventory:

Missiles
 a - 12 arrows
Jewellery
 h - a ring of protection from magic (left paw)
Scrolls
 e - a scroll of magic mapping {unknown}
Potions
 d - 3 potions of mutation {unknown}
 f - a potion of beneficial mutation {unknown}
 g - a potion of might {unknown}
Books
 b - a book of Changes

   Spells                             Type                      Level
   a - Beastly Appendage              Transmutation                1
   b - Sticks to Snakes               Transmutation                2
   c - Spider Form                    Transmutation/Poison         3
   d - Ice Form                       Ice/Transmutation            4
   e - Blade Hands                    Transmutation                5
Comestibles
 c - a meat ration


   Skills:
 - Level 1.0 Fighting
 - Level 2.8 Dodging
 + Level 4.1 Unarmed Combat
 - Level 2.0 Spellcasting
 - Level 2.1 Transmutations


You had 4 spell levels left.
You knew the following spells:

 Your Spells              Type           Power        Failure   Level  Hunger
a - Beastly Appendage     Trmt           #.....       12%         1    ##.....


Dungeon Overview and Level Annotations

Branches:
Dungeon (2/15)

Altars:


Innate Abilities, Weirdness & Mutations

You cannot wear armour.
You are incapable of wielding weapons or throwing items.
You have sharp claws.
You have razor-sharp teeth.
You have supernaturally acute eyesight.
You are carnivorous and can eat meat at any time.
You cover ground quickly.
You are covered in fur (AC +1).
You have a slow metabolism.
Your sharp claws are effective at attacking unaware monsters.
You have a pair of horns on your head.


Message History

The jackal completely misses you. The jackal closely misses you.
The jackal bites you.
* * * LOW HITPOINT WARNING * * *
You claw the jackal!
You kill the jackal!
The jackal misses you. The jackal bites you.
* * * LOW HITPOINT WARNING * * *
The jackal completely misses you.
You are too injured to fight recklessly!
You are too injured to fight recklessly!
You are too injured to fight recklessly!
You are too injured to fight recklessly!
You are too injured to fight recklessly!
You closely miss the jackal. Your headbutt misses the jackal.
You bite the jackal.
The jackal is severely wounded.
The jackal closely misses you. The jackal bites you.
* * * LOW HITPOINT WARNING * * *
The jackal bites you.
You die...

# #.#####
.......##
........#
......†@#
......hh#
........#
........#
........#
..%....##
#######


You could see 2 jackals.

Vanquished Creatures
  An adder (D:2)
  A jackal (D:2)
  3 bats (D:1)
  A giant cockroach (D:1)
  A giant gecko (D:1)
  2 giant newts (D:1)
  2 goblins (D:1)
  7 kobolds (D:1)
  2 rats
20 creatures vanquished.

Notes
Turn   | Place    | Note
--------------------------------------------------------------
     0 | D:1      | Kramin the Felid Transmuter began the quest for the Orb.
     0 | D:1      | Reached XP level 1. HP: 9/9 MP: 4/4
   371 | D:1      | Reached XP level 2. HP: 12/12 MP: 6/6
   817 | D:2      | Reached skill level 4 in Unarmed Combat
   852 | D:2      | Slain by a jackal

Action                   || total
-------------------------++-------
Melee: Unarmed           ||    55
 Cast: Beastly Appendage ||     3
  Eat: Chunk             ||     6
